 Dungeon Crawl Stone Soup version 0.17.0-24-gcfadda4 (webtiles) character file.

22787 Gravenous the Nimble (level 13, -2/97 HPs)
             Began as an Octopode Ice Elementalist on Nov 15, 2015.
             Was a High Priest of Cheibriados.
             Slain by Rupert
             ... wielding a +1 great mace of draining
              (15 damage)
             ... on level 3 of the Orcish Mines.
             The game lasted 01:01:47 (17759 turns).

Gravenous the Nimble (Octopode Ice Elementalist)   Turns: 17759, Time: 01:01:47

Health: -2/97      AC:  1    Str: 18      XL:     13   Next: 2%
Magic:  21/21      EV: 21    Int: 33 (35) God:    Cheibriados [*****.]
Gold:   917        SH:  0    Dex: 26      Spells: 5 memorised, 12 levels left

rFire  . . .     SeeInvis .       - Unarmed
rCold  . . .     Clarity  .     (no shield)
rNeg   . . .     SustAt   .     (helmet restricted)
rPois  .         Gourm    .     c - amulet of regeneration
rElec  .         Spirit   .     (no ring)
rCorr  .         Warding  .     (no ring)
rMut   .         Stasis   .     (no ring)
MR     .....                    (no ring)
Stlth  +++.......               (no ring)
                                (no ring)
                                (no ring)
                                (no ring)

@: confused, heavily drained, very slow, not resistant to hostile enchantments,
fairly stealthy
A: almost no armour, amphibious, 8 rings, constrict 8, camouflage 1,
regeneration 1, robust 1, weak 1, gelatinous body 1
a: Bend Time, Temporal Distortion, Slouch, Step From Time, Renounce Religion


You were on level 3 of the Orcish Mines.
You worshipped Cheibriados.
Cheibriados was extremely pleased with you.
You were hungry.

You visited 4 branches of the dungeon, and saw 19 of its levels.

You collected 917 gold pieces.

Inventory:

Hand Weapons
 j - a +0 dagger
 t - a +2 dagger of protection
 u - a +3 dagger of venom
 G - a +0 blowgun
Missiles
 v - 52 poisoned needles
 I - 3 throwing nets (quivered)
Jewellery
 c - an amulet of regeneration (around mantle)
 d - an uncursed ring of ice
Wands
 i - a wand of teleportation (7)
 r - a wand of digging (7)
 w - a wand of fireball (5)
 y - a wand of cold (9)
 D - a wand of fire (6)
 F - a wand of digging (11)
 H - a wand of slowing (31)
 J - a wand of magic darts (26)
Scrolls
 e - 5 scrolls of identify
 f - a scroll of vulnerability {unknown}
 g - 4 scrolls of remove curse
 k - a scroll of noise
 m - 5 scrolls of fog
 o - 3 scrolls of recharging
 s - 3 scrolls of enchant weapon
Potions
 h - 3 potions of brilliance
 q - a potion of flight
 B - a potion of curing
Books
 a - a book of Frost

   Spells                             Type                      Level
   a - Freeze                         Ice                          1
   b - Throw Frost                    Conjuration/Ice              2
   c - Ozocubu's Armour               Charms/Ice                   3
   d - Throw Icicle                   Conjuration/Ice              4
   e - Summon Ice Beast               Ice/Summoning                4
   f - Condensation Shield            Ice                          4
 C - Sif Muna's Collected Works on Displacement
   (You found it on level 9 of the Dungeon)

   Spells                             Type                      Level
   a - Apportation                    Translocation                1
Comestibles
 b - 4 bread rations
 l - 5 chunks of flesh
 n - 4 meat rations
 p - 2 royal jellies
 x - 6 fruits
 A - a beef jerky
 K - 2 slices of pizza


   Skills:
 + Level 8.7(6.7) Fighting
 - Level 10.4(8.3) Dodging
 - Level 5.0(3.3) Stealth
 * Level 10.4(8.4) Unarmed Combat
 - Level 5.5(3.8) Spellcasting
 - Level 1.0(0.0) Conjurations
 - Level 3.0(1.4) Charms
 - Level 8.0(6.1) Ice Magic
 - Level 9.2(7.3) Invocations


You had 12 spell levels left.
You knew the following spells:

 Your Spells              Type           Power        Failure   Level  Hunger
a - Freeze                Ice            ####         1%          1    None
b - Ozocubu's Armour      Chrm/Ice       ####....     3%          3    ##.....
c - Condensation Shield   Ice            #####.....   4%          4    ####...
d - Throw Frost           Conj/Ice       ####..       1%          2    None
e - Apportation           Tloc           #.........   8%          1    None


Dungeon Overview and Level Annotations

Branches:
Dungeon (14/15)            Temple (1/1) D:7            Lair (1/8) D:8
    Orc (3/4) D:12
    Elf: Orc:3-4     Vaults: D:13-14

Altars:
Ashenzari
Cheibriados
Dithmenos
Elyvilon
Fedhas
Gozag
Kikubaaqudgha
Makhleb
Nemelex Xobeh
Okawaru
Qazlal
Ru
Sif Muna
Trog
Vehumet
Xom
Yredelemnul
Zin
The Shining One

Shops:
D:13 [

Annotations:
D:8 puimuR's ghost, novice DsSk
D:11 exclusion: cyclops
D:14 Agnes
Orc:3 Rupert


Innate Abilities, Weirdness & Mutations

You cannot wear most types of armour.
You are amphibious.
You can wear up to eight rings at the same time.
You can use your tentacles to constrict eight enemies at once.
Your skin changes colour to match your surroundings (Stealth).
Your rubbery body absorbs attacks (AC +1).
Your natural rate of healing is unusually fast.
You are robust (+10% HP).
You are weak. (Str -2)


Message History

It was a potion of ambrosia.
You are confused.
You feel invigorated.
Rupert roars madly and goes into a rage!
Rupert goes berserk!
You're too confused!
Your icy armour evaporates.
You are feeling hungry.
Rupert hits you with a great mace of draining!!
You feel drained.
Rupert hits you with a great mace of draining!!
You feel drained.
Unknown command.
Rupert misses you. Rupert barely misses you.
Unknown command.
You're too confused to move!
Rupert hits you with a great mace of draining!!
* * * LOW HITPOINT WARNING * * *
You feel drained.
You die...

.......#### ##.###
......#. #....#
......### ###..#
......#
#####....####
....###
............# ....
............###
..............###
................##
.......#@@.......##
....##.#..........##
.... ######........#
... #.......##
#.......##
..........#
........#.##
.......#...##
.......##.##


You could see Rupert (berserk).

Vanquished Creatures
  Josephine (Orc:2)
  Fannar (D:12)
  Harold (D:11)
  A centaur warrior (D:13)
  2 dancing weapons (D:13)
  8 hill giants
  Pikel (D:8)
  A manticore (D:12)
  A cyclops (D:13)
  2 two-headed ogres
  A troll (D:10)
  Grinder (D:4)
  Prince Ribbit (D:5)
  A blink frog (D:8)
  Sigmund (D:4)
  14 yaks
  2 deep elf magi
  5 wraiths
  Eustachio (D:4)
  2 hippogriffs
  2 wyverns
  A basilisk (D:13)
  A hungry ghost (D:8)
  Menkaure (D:4)
  A warg (Orc:2)
  Edmund (D:5)
  A wasp (D:10)
  3 sky beasts
  2 black bears
  10 orc warriors
  An eye of draining (D:13)
  4 ice beasts
  A necrophage (D:6)
  A phantom (D:9)
  A centaur (D:7)
  An ogre (shapeshifter) (D:13)
  11 ogres
  2 big kobolds
  4 crocodiles
  10 giant frogs
  6 killer bees (D:10)
  A wyvern skeleton (D:9)
  4 scorpions
  4 spriggan skeletons (D:9)
  A troll skeleton (D:9)
  4 wights (D:9)
  9 orc priests
  5 centaur skeletons
  4 electric eels (D:6)
  A giant frog zombie (D:10)
  4 crimson imps
  7 hounds
  2 giant frog skeletons
  2 jellies
  Crazy Yiuf (D:5)
  15 orc wizards
  5 iguanas
  16 worker ants
  A hound skeleton (D:6)
  11 adders
  11 gnolls
  12 white imps (D:11)
  4 shadow imps
  An ooze (D:3)
  An adder zombie (D:5)
  3 adder skeletons
  7 worms
  9 giant geckos
  81 orcs
  7 giant cockroaches
  12 goblins
  9 hobgoblins
  21 jackals
  12 kobolds
  4 ball pythons
  8 bats
  A giant gecko skeleton (D:4)
  5 giant newts
  5 quokkas
  11 rats
  A plant (D:6)
435 creatures vanquished.

Vanquished Creatures (others)
  A deep elf mage (D:13)
  3 slaves (D:8)
  A brain worm (D:13)
  A crimson imp (D:8)
  An orc priest (D:8)
  3 orc wizards
  A worker ant (D:11)
  An orc (D:8)
  4 plants (D:13)
16 creatures vanquished.

Grand Total: 451 creatures vanquished

Notes
Turn   | Place    | Note
--------------------------------------------------------------
     0 | D:1      | Gravenous the Octopode Ice Elementalist began the quest for the Orb.
     0 | D:1      | Reached XP level 1. HP: 11/11 MP: 3/3
   338 | D:1      | Reached XP level 2. HP: 7/17 MP: 1/5
   855 | D:1      | Reached XP level 3. HP: 21/21 MP: 6/6
   861 | D:1      | Learned a level 3 spell: Ozocubu's Armour
  1362 | D:2      | Reached XP level 4. HP: 12/27 MP: 5/8
  1539 | D:2      | Reached skill level 4 in Ice Magic
  2434 | D:2      | Reached XP level 5. HP: 18/31 MP: 9/9
  2739 | D:2      | Learned a level 4 spell: Condensation Shield
  2742 | D:2      | Learned a level 2 spell: Throw Frost
  3576 | D:3      | Found a white marble altar of Elyvilon.
  3597 | D:3      | Reached skill level 5 in Stealth
  3597 | D:3      | Reached skill level 5 in Ice Magic
  3597 | D:3      | Reached XP level 6. HP: 36/36 MP: 5/11
  3801 | D:4      | Noticed Grinder
  3824 | D:4      | Killed Grinder
  3824 | D:4      | Reached skill level 1 in Charms
  3824 | D:4      | Reached XP level 7. HP: 14/41 MP: 5/12
  4071 | D:4      | Noticed Menkaure
  4079 | D:4      | Noticed Sigmund
  4513 | D:3      | Reached skill level 6 in Ice Magic
  4631 | D:4      | Killed Sigmund
  5506 | D:4      | Killed Menkaure
  5506 | D:4      | Reached skill level 7 in Ice Magic
  5506 | D:4      | Reached XP level 8. HP: 11/46 MP: 14/14
  6138 | D:4      | Noticed Eustachio
  6156 | D:4      | Killed Eustachio
  6347 | D:5      | Entered Level 5 of the Dungeon
  6602 | D:5      | Noticed Crazy Yiuf
  6611 | D:5      | Killed Crazy Yiuf
  6723 | D:5      | Reached skill level 5 in Spellcasting
  7129 | D:5      | Noticed Prince Ribbit
  7142 | D:5      | Noticed Edmund
  7233 | D:5      | Killed Edmund
  7233 | D:5      | Reached skill level 5 in Dodging
  7233 | D:5      | Reached XP level 9. HP: 23/51 MP: 9/16
  7245 | D:5      | Killed Prince Ribbit
  7245 | D:5      | Reached skill level 8 in Ice Magic
  8042 | D:6      | Found a stormy altar of Qazlal.
  8053 | D:6      | Reached skill level 1 in Fighting
  8053 | D:6      | Reached skill level 1 in Unarmed Combat
  9121 | D:7      | Found a staircase to the Ecumenical Temple.
  9130 | Temple   | Entered the Ecumenical Temple
  9200 | Temple   | Became a worshipper of Cheibriados the Contemplative
  9917 | D:7      | Found a glowing golden altar of the Shining One.
  9922 | D:7      | Found a basalt altar of Yredelemnul.
 10169 | D:7      | Reached * piety under Cheibriados
 10212 | D:7      | Reached XP level 10. HP: 49/63 MP: 11/18
 10566 | D:7      | Noticed an angel
 10604 | D:8      | Noticed puimuR's ghost (novice DsSk)
 10966 | D:8      | Found a staircase to the Lair.
 10985 | D:8      | Reached ** piety under Cheibriados
 10990 | D:8      | Noticed Pikel
 11004 | D:8      | Killed Pikel
 11101 | D:8      | Reached skill level 9 in Dodging
 11126 | D:8      | Found an opulent altar of Gozag.
 11829 | D:8      | Reached skill level 5 in Unarmed Combat
 11919 | Lair:1   | Entered Level 1 of the Lair of Beasts
 11929 | Lair:1   | Noticed a black mamba
 11930 | Lair:1   | Reached skill level 1 in Invocations
 12115 | D:8      | Found a shattered altar of Ashenzari.
 12244 | D:9      | Reached *** piety under Cheibriados
 12433 | D:9      | Found a deep blue altar of Sif Muna.
 12506 | D:9      | Identified Sif Muna's Collected Works on Displacement
 12509 | D:9      | Learned a level 1 spell: Apportation
 12680 | D:9      | Found a burning altar of Makhleb.
 12700 | D:9      | Reached skill level 5 in Invocations
 12703 | D:9      | Reached XP level 11. HP: 50/70 MP: 12/19
 12735 | D:9      | Found a glowing silver altar of Zin.
 12736 | D:9      | Noticed an angel
 12737 | D:9      | Noticed a cacodemon
 13444 | D:10     | Entered Level 10 of the Dungeon
 13572 | D:10     | Reached **** piety under Cheibriados
 13655 | D:10     | Noticed a hill giant
 13670 | D:10     | Killed a hill giant
 13860 | D:10     | Noticed a hill giant
 13922 | D:10     | Killed a hill giant
 14076 | D:10     | Noticed a hill giant
 14097 | D:10     | Reached skill level 5 in Fighting
 14124 | D:10     | Killed a hill giant
 14343 | D:10     | Noticed a hill giant
 14356 | D:10     | Killed a hill giant
 14356 | D:10     | Reached skill level 10 in Dodging
 14445 | D:10     | Noticed a hill giant
 14461 | D:10     | Killed a hill giant
 14799 | D:11     | Noticed a hill giant
 14811 | D:11     | Killed a hill giant
 14818 | D:11     | Found a frozen archway.
 14850 | D:11     | Reached ***** piety under Cheibriados
 14957 | D:11     | Noticed a hill giant
 14970 | D:11     | Killed a hill giant
 14970 | D:11     | Reached XP level 12. HP: 63/79 MP: 14/20
 14993 | D:11     | Noticed a hill giant
 15008 | D:11     | Killed a hill giant
 15193 | D:11     | Noticed Harold
 15223 | D:11     | Killed Harold
 16020 | D:12     | Noticed Fannar
 16061 | D:12     | Killed Fannar
 16213 | D:13     | Noticed a centaur warrior
 16231 | D:13     | Killed a centaur warrior
 16418 | D:13     | Noticed a centaur warrior
 16450 | D:14     | Noticed Agnes
 16503 | D:13     | Noticed an enchanted long sword
 16513 | D:13     | Killed an enchanted long sword
 16555 | D:13     | Reached ****** piety under Cheibriados
 16578 | D:13     | Noticed an enchanted long sword
 16586 | D:13     | Killed an enchanted long sword
 16660 | D:13     | Found Tiepohoss's Armour Shoppe.
 17012 | D:12     | Found a staircase to the Orcish Mines.
 17017 | Orc:1    | Entered Level 1 of the Orcish Mines
 17160 | Orc:2    | Reached skill level 10 in Unarmed Combat
 17354 | Orc:2    | Noticed Josephine
 17365 | Orc:2    | Killed Josephine
 17379 | Orc:2    | Reached XP level 13. HP: 13/89 MP: 19/21
 17750 | Orc:3    | Noticed Rupert
 17753 | Orc:3    | Gained mutation: You are robust (+10% HP). [potion of mutation]
 17753 | Orc:3    | Gained mutation: You are weak. (Str -2) [potion of mutation]
 17753 | Orc:3    | Gained mutation: Your natural rate of healing is unusually fast. [potion of mutation]
 17759 | Orc:3    | Slain by Rupert

Action                   |  1- 3 |  4- 6 |  7- 9 | 10-12 | 13-15 || total
-------------------------+-------+-------+-------+-------+-------++-------
Melee: Unarmed           |     6 |       |       |       |     1 ||     7
       Dagger            |    40 |   121 |   268 |   907 |     5 ||  1341
 Cast: Freeze            |    22 |    21 |    45 |     3 |       ||    91
       Ozocubu's Armour  |     1 |     9 |    23 |    54 |     1 ||    88
       Throw Frost       |       |     6 |    63 |    82 |     1 ||   152
       Condensation Shie |       |     1 |     7 |    53 |       ||    61
       Apportation       |       |       |       |     2 |       ||     2
Invok: Slouch            |       |       |       |     3 |     2 ||     5
       Step From Time    |       |       |       |     1 |       ||     1
Evoke: Wand              |       |       |       |     2 |       ||     2
  Use: Potion            |       |     3 |     7 |     3 |     3 ||    16
       Scroll            |       |       |     9 |    13 |       ||    22
 Stab: Sleeping          |    13 |    10 |    11 |    17 |       ||    51
       Distracted        |       |       |     1 |     3 |       ||     4
  Eat: Chunk             |     2 |     9 |    19 |    18 |     1 ||    49
       Bread ration      |       |       |     1 |     2 |       ||     3
